 Dungeon Crawl Stone Soup version 0.28.0 (webtiles) character file.

Game seed: 10790875813814952032

10 lordive the Grasshopper (level 2, 0/28 HPs)
             Began as a Troll Warper on Feb 5, 2022.
             Slain by a scorpion (8 damage)
             ... on level 4 of the Dungeon.
             The game lasted 00:00:40 (252 turns).

lordive the Grasshopper (Troll Warper)               Turns: 252, Time: 00:00:40

Health: 0/28       AC:  4    Str: 18    XL:     2   Next: 10%
Magic:  2/2        EV: 10    Int:  9    God:
Gold:   30         SH:  0    Dex:  9    Spells: 3/3 levels left

rFire   . . .      SeeInvis .     - Unarmed
rCold   . . .      Faith    .   (no shield)
rNeg    . . .      Spirit   .   a - +0 robe
rPois   .          Reflect  .   (helmet restricted)
rElec   .          Harm     .   (no cloak)
rCorr   .          Rampage  .   (gloves unavailable)
Will    .....                   (boots unavailable)
Stlth   +.........              (no amulet)
HPRegen 0.89/turn               (no ring)
MPRegen 0.08/turn               (no ring)

@: lethally poisoned (0 -> -2)
A: large, unfitting armour, claws 3, regeneration 1, shaggy fur 1, tough skin 1
a: no special abilities


You were on level 4 of the Dungeon.
You visited 1 branch of the dungeon, and saw 4 of its levels.

You collected 30 gold pieces.

Inventory:

Missiles
 c - 5 boomerangs of dispersal (quivered)
Armour
 a - a +0 robe (worn)
Scrolls
 b - a scroll of blinking
 e - a scroll of fear {unknown}
Potions
 d - a potion of degeneration {unknown}


   Skills:
 + Level 1.6 Fighting
 - Level 0.8 Throwing
 + Level 2.0 Dodging
 + Level 2.0 Unarmed Combat
 + Level 1.2 Spellcasting
 * Level 2.4 Translocations
 * Level 0.4 Invocations


You had 3 spell levels left.
You didn't know any spells.
Your spell library contained the following spells:

 Spells                   Type           Power      Damage    Failure   Level
 Blink                    Tloc           8%         N/A       21%         2
 Gell's Gravitas          Tloc           4%         N/A       38%         3
 Lesser Beckoning         Tloc           4%         N/A       38%         3
 Teleport Other           Tloc           4%         N/A       38%         3
 Manifold Assault         Tloc           4%         N/A       98%         5


Dungeon Overview and Level Annotations

Branches:
Dungeon (4/15)
 Temple: D:4-7

Altars:

Annotations:
D:3 3 runed translucent doors, Prodoman's ghost, amateur DsWz


Innate Abilities, Weirdness & Mutations

You are too large for most types of armour.
You have claws for hands.
Your natural rate of healing is unusually fast.
You are covered in fur. (AC +1)
You have tough skin. (AC +1)


Message History

What level of the Dungeon? (default 1, ? - help) Prodoman's ghost whispers, "There is no future for you."
There is a stone staircase leading down here.
You climb downwards.
The endoplasm quivers.
Found a flail.
There is a stone staircase leading up here.
There are monsters nearby!
There are monsters nearby!
You closely miss the scorpion. The scorpion stings you.
You scratch the scorpion.
The scorpion is lightly wounded.
The scorpion closely misses you.
You scratch the scorpion but do no damage.
The scorpion is lightly wounded.
The scorpion closely misses you. The scorpion stings you.
You scratch the scorpion.
The scorpion is heavily wounded.
The scorpion stings you.
You closely miss the scorpion.
The scorpion is heavily wounded.
The endoplasm hits you but does no damage.
The scorpion stings you!
You are poisoned.
The scorpion poisons you!
You scratch the scorpion.
The scorpion is severely wounded.
You feel sick. The endoplasm freezes you.
You are frozen.
The scorpion stings you.
You barely miss the scorpion.
The scorpion is severely wounded.
You feel sick.
The endoplasm hits you but does no damage.
The scorpion stings you.
* * * LOW HITPOINT WARNING * * *
You scratch the scorpion but do no damage.
The scorpion is severely wounded.
You feel sick. The scorpion stings you!
You die...

#......
.......
##.......
##........
#.........
##.........
#..<.......
#.^J.......
#..@....).#
##.s.....##
#......##
#....###
......
########


You could see a scorpion and an endoplasm.

Vanquished Creatures
  A worm (D:2)
  3 ball pythons
  An endoplasm (D:1)
  4 rats
9 creatures vanquished.

Notes
Turn   | Place    | Note
-------+----------+-------------------------------------------
     0 | D:1      | lordive the Troll Warper began the quest for the Orb.
     0 | D:1      | Reached XP level 1. HP: 19/19 MP: 1/1
   121 | D:2      | Reached XP level 2. HP: 19/28 MP: 2/2
   202 | D:3      | Found a runed translucent gate.
   203 | D:3      | Found a runed translucent gate.
   203 | D:3      | Found a runed translucent gate.
   203 | D:3      | Noticed Prodoman's ghost (amateur DsWz)
   203 | D:3      | Noticed a scorpion
   242 | D:4      | Noticed a scorpion
   252 | D:4      | Slain by a scorpion

Illustrated notes

Levels and vault maps discovered:
D:1:      amcnicky_arrival_feature_with_door, layout_rooms,
          minmay_indecisive_spiral
D:2:      layout_loops_ring
D:3:      layout_loops_ring, gammafunk_ghost_split,
          ebering_dispersal_statue_hall
D:4:      layout_cave_pods, serial_column_ruins, column_ruins_square_small,
          column_ruins_hut, column_ruins_grid_4, column_ruins_corridor_water,
          column_ruins_open_tiny, column_ruins_grid_1,
          column_ruins_columns_water, column_ruins_open_tiny

Skill      XL: |  1 |
---------------+----+-----
Dodging        | 2 |  2.0
Fighting       | |  1.6
Throwing       | |  0.8
Unarmed Combat | |  2.0
Spellcasting   | |  1.2
Translocations | |  2.4
Invocations    | |  0.4

Action                   || total
-------------------------++-------
Melee: Unarmed           ||    26
       Punch             ||     1
Armor: Robe              ||     3
Dodge: Dodged            ||    11
